Map: 中心协议

Players

平步青云 - Winner!

  • Race: Terran Terran

电脑难度(艰难)

  • Race: Protoss Protoss

VOD

Have the link to the VOD?

Description

Time

  • Played on: Dec. 31, 2015, 7:24 a.m.
  • Length: 10:07
Show
View Real Time Build Order
Export as new Build Order

平步青云 Terran - Winner!

Build Orders:  

Get SALT Encoding   

  12  0:01  SCV  
  13  0:13  SCV  
  14  0:22  Supply Depot  
  14  0:25  SCV  
  15  0:43  SCV  
  15  0:44  Barracks  
  16  0:55  SCV  
  17  1:02  Refinery  
  17  1:07  SCV  
  18  1:19  SCV  
  19  1:31  Supply Depot  
  19  1:32  SCV, Marine  
  20  1:39  Barracks  
  21  1:44  SCV  
  22  1:50  Marine  
  23  1:56  SCV  
  24  2:06  Command Center  
  24  2:13  SCV  
  25  2:19  Refinery  
  25  2:25  SCV  
  25  2:29  Factory  
  26  2:35  Barracks Reactor  
  26  2:37  SCV  
  26  2:39  Barracks Tech Lab  
  28  3:01  Orbital Command  
  27  3:07  Marauder  
  27  3:11  Concussive Shells  
  29  3:16  Supply Depot  
  29  3:22  SCV  
  30  3:28  Factory Tech Lab  
  30  3:29  Marine  
  30  3:32  Marine  
  32  3:34  SCV  
  32  3:39  Supply Depot  
  33  3:43  Marauder  
  33  3:47  Marine  
  36  3:50  Marine  
  36  3:52  SCV  
  38  4:00  Siege Tank  
  41  4:03  Supply Depot  
  41  4:04  SCV  
  42  4:14  Marine x2  
  42  4:16  SCV  
  45  4:29  SCV  
  46  4:34  Starport  
  46  4:37  SCV  
  47  4:41  SCV  
  47  4:42  Refinery  
  47  4:45  Refinery, Marine  
  48  4:49  SCV  
  48  4:51  Marauder  
  52  4:52  Marine  
  52  4:53  SCV  
  54  5:01  SCV  
  54  5:05  SCV  
  56  5:08  Siege Tank  
  56  5:09  Marine  
  56  5:11  Marine  
  56  5:13  Marauder  
  63  5:17  SCV, Medivac  
  66  5:24  Supply Depot  
  66  5:29  SCV  
  67  5:46  Supply Depot  
  67  5:47  Medivac  
  69  5:50  Marine x2  
  69  5:51  Marauder  
  69  5:52  Siege Tank  
  76  6:08  SCV, Supply Depot  
  77  6:17  Medivac  
  79  6:19  Marine  
  79  6:20  SCV, Marine  
  79  6:22  Marauder  
  84  6:29  Engineering Bay  
  84  6:31  Bunker  
  84  6:32  SCV  
  85  6:35  Armory  
  85  6:44  SCV  
  86  6:56  SCV  
  87  7:06  Medivac  
  87  7:08  Siege Tank  
  86  7:36  Medivac  
  88  7:40  Siege Tank, Marine  
  88  7:41  Marine  
  93  7:58  Marine  
  93  8:01  Supply Depot  
  94  8:18  Marine  
  94  8:23  Marauder  
  94  8:25  Supply Depot  
  95  8:29  Command Center  
  95  8:31  Marine  
  95  8:34  Siege Tank  
  99  8:35  Medivac  
  99  8:36  Marine  
  102  8:46  Marauder  
  104  8:48  Supply Depot  
  104  8:53  Marine x2  
  106  9:06  Siege Tank  
  109  9:10  Marauder  
  109  9:12  Supply Depot  
  109  9:31  Marauder  
  109  9:35  Marine x2  
Show
View Real Time Build Order
Export as new Build Order

电脑难度(艰难) Protoss 

Build Orders:  

Get SALT Encoding   

  12  0:01  Probe (Chrono Boost)  
  13  0:11  Probe (Chrono Boost)  
  14  0:20  Pylon  
  14  0:22  Probe (Chrono Boost)  
  15  0:38  Probe (Chrono Boost)  
  16  0:47  Assimilator  
  16  0:48  Probe (Chrono Boost)  
  17  0:51  Gateway  
  17  0:59  Probe (Chrono Boost)  
  17  1:00  Pylon  
  18  1:10  Probe (Chrono Boost)  
  19  1:21  Probe (Chrono Boost)  
  20  1:35  Zealot  
  22  1:40  Cybernetics Core  
  22  1:44  Gateway  
  22  1:45  Assimilator  
  22  1:59  Zealot  
  22  2:08  Pylon  
  24  2:19  Warp Gate  
  24  2:24  Stalker  
  26  2:30  Adept  
  28  2:45  Pylon  
  28  2:53  Zealot  
  28  2:57  Zealot  
  32  3:17  Stalker  
  32  3:23  Stalker  
  36  3:29  Pylon  
  36  3:47  Zealot  
  38  3:50  Probe (Chrono Boost)  
  38  3:52  Adept  
  41  4:01  Probe (Chrono Boost)  
  42  4:05  Pylon  
  42  4:12  Zealot  
  42  4:14  Probe (Chrono Boost)  
  45  4:22  Forge  
  46  4:26  Probe (Chrono Boost), Zealot  
  48  4:37  Probe (Chrono Boost)  
  49  4:45  Stalker  
  51  4:48  Probe (Chrono Boost)  
  52  4:55  Stalker  
  54  5:17  Probe (Chrono Boost)  
  54  6:10  Protoss Ground Weapons Level 1  
  54  6:16  Adept  
  56  6:18  Gateway  
  56  6:20  Pylon  
  56  6:22  Photon Cannon  
  56  6:23  Adept  
  58  6:25  Photon Cannon  
  58  6:28  Nexus, Robotics Facility  
  58  6:31  Stargate  
  58  6:36  Sentry  
  60  6:43  Adept  
  62  6:47  Pylon  
  62  6:57  Adept  
  64  7:05  Adept  
  66  7:09  Twilight Council  
  66  7:12  Sentry, Pylon  
  68  7:16  Observer  
  68  7:20  Adept  
  71  7:26  Forge  
  71  7:28  Zealot  
  59  7:35  Adept  
  59  7:36  Observer  
  61  7:41  Probe x2 (Chrono Boost)  
  64  7:51  Protoss Ground Armor Level 1  
  64  7:53  Probe (Chrono Boost)  
  64  7:54  Probe (Chrono Boost)  
  66  8:01  Pylon  
  66  8:04  Probe (Chrono Boost)  
  66  8:05  Probe (Chrono Boost)  
  68  8:10  Pylon  
  68  8:15  Probe (Chrono Boost)  
  68  8:16  Probe (Chrono Boost)  
  70  8:25  Sentry  
  70  8:26  Probe (Chrono Boost)  
  70  8:28  Probe (Chrono Boost)  
  70  8:32  Adept  
  60  8:35  Stalker  
  60  8:37  Probe (Chrono Boost)  
  56  8:46  Adept  
  56  8:51  Stalker  
  56  8:57  Stalker  
  56  9:01  Mothership Core (Chrono Boost)  
  55  9:06  Stalker  
  45  9:14  Zealot  
  23  9:44  Stalker  
  24  9:52  Stalker  
Tags
 
Add a new tag
Caveats
  • Supply blocks, unpowered buildings, or Contaminate may cause inaccurate times.
  • Supply counts are checked every 10 seconds.